 Dungeon Crawl Stone Soup version 0.31.0 (webtiles) character file.

Game seed: 13901478983883812412

123863 qw the Crack Shot (level 16, -12/108 HPs)
             Began as a Gargoyle Hunter on Jan 19, 2024.
             Was a High Priest of Okawaru.
             Killed from afar by an elemental wellspring (23 damage)
             ... with a torrent of water
             ... on level 3 of the Shoals.
             The game lasted 00:04:27 (25897 turns).

qw the Crack Shot (Gargoyle Hunter)                Turns: 25897, Time: 00:04:28

Health: -12/108    AC: 31    Str: 24    XL:     16   Next: 91%
Magic:  23/23      EV: 26    Int: 10    God:    Okawaru [*****.]
Gold:   359        SH:  0    Dex: 19    Spells: 15/15 levels left

rFire   . . .        h - +4 triple crossbow of Ydoyg {speed, rPois Str+4 Int-2}
rCold   . . .        (shield currently unavailable)
rNeg    + . .        D - +4 ring mail "Boupsiam" {Str+2 Int+3 Stlth-}
rPois   inf          k - +1 helmet
rElec   +            w - +0 cloak
rCorr   .            t - +0 pair of gloves of the Nexus {rPois SInv}
SInv    +            r - +2 pair of boots
Will    +....        q - amulet of faith Stlth
                     v - +5 ring of evasion
HPRegen 0.38/turn    C - +5 ring of evasion
MPRegen 0.18/turn

%: faith
@: about to teleport, flying
A: sickness immunity, AC +12, big wings, negative energy resistance 1,
electricity resistance, torment resistance 1, petrification resistance
a: Renounce Religion, Heroism, Finesse, Duel


You were on level 3 of the Shoals.
You worshipped Okawaru.
Okawaru was extremely pleased with you.
You visited 5 branches of the dungeon, and saw 26 of its levels.
You also visited: Ossuary and Gauntlet.

You collected 2996 gold pieces.
You spent 2637 gold pieces at shops.


Innate Abilities, Weirdness & Mutations

You are immune to sickness and miasma.
Your stone body is resilient. (AC +12)
You are immune to poison.
Your large and strong wings let you fly.
You resist negative energy. (rN+)
You are resistant to electric shocks. (rElec)
You are resistant to unholy torment.
You are immune to petrification.


   Skills:
 - Level 15.0 Fighting
 - Level 22.0 Ranged Weapons
 + Level 9.0 Armour
 - Level 8.1 Dodging
 - Level 1.1 Stealth
 - Level 10.0 Invocations


You had 15 spell levels left.
You didn't know any spells.
Your spell library was empty.

Inventory:

Hand Weapons
 h - the +4 triple crossbow of Ydoyg (weapon) {speed, rPois Str+4 Int-2}
   (You acquired it in an ossuary)

   Str+4:     It affects your strength (+4).
   Int-2:     It affects your intelligence (-2).
   rPois:     It protects you from poison
Armour
 d - a +2 robe of fire resistance
 j - a +2 pair of gloves
 k - a +1 helmet (worn)
 r - a +2 pair of boots (worn)
 t - the +0 pair of gloves of the Nexus (worn) {rPois SInv}
   (Okawaru gifted it to you on level 5 of the Lair of Beasts)

   rPois:     It protects you from poison SInv: It lets you see invisible.
 w - a +0 cloak (worn)
 D - the +4 ring mail "Boupsiam" (worn) {Str+2 Int+3 Stlth-}
   (You bought it in a shop on level 2 of the Orcish Mines)

   Str+2:     It affects your strength (+2).
   Int+3:     It affects your intelligence (+3).
   Stlth-:    It makes you less stealthy.
Jewellery
 q - an amulet of faith (around neck)
 v - a +5 ring of evasion (left hand)
 y - an amulet of reflection
 B - a ring of fire
 C - a +5 ring of evasion (right hand)
Wands
 b - a wand of polymorph (11)
 g - a wand of roots (4)
 l - a wand of acid (11)
 p - a wand of digging (5)
Scrolls
 a - 12 scrolls of identify
 m - 7 scrolls of teleportation
 n - 5 scrolls of enchant weapon
 z - 2 scrolls of brand weapon
Potions
 c - 5 potions of mutation
 e - 4 potions of enlightenment
 f - 3 potions of cancellation
 i - 2 potions of resistance
 o - 12 potions of curing
 s - 3 potions of might {unknown}
 u - 4 potions of haste
 x - 2 potions of magic

Dungeon Overview and Level Annotations

Branches:
Dungeon (15/15)            Temple (1/1) D:4            Lair (5/5) D:11
 Shoals (3/4) Lair:3       Spider (0/4) Lair:3        Slime (0/5) Lair:5
    Orc (2/2) D:12            Elf (0/3) Orc:2        Vaults (0/5) D:13
 Depths (0/4) D:15        Ossuary (visited)         Gauntlet (visited)

Altars:
Ashenzari
Cheibriados
Dithmenos
Elyvilon
Fedhas
Gozag
Hepliaklqana
Kikubaaqudgha
Makhleb
Nemelex Xobeh
Okawaru
Qazlal
Ru
Sif Muna
Trog
Uskayaw
Vehumet
Wu Jian
Xom
Yredelemnul
Zin
The Shining One

Shops:
D:4 !   D:5 :   D:11 (   Orc:1 !   Orc:2 =(:?*(=*[

Annotations:
D:5 1 runed translucent door, qw's ghost, novice GrHu
D:10 3 runed translucent doors, qw's ghost, novice GrHu
Shoals:1 4 runed translucent doors, Loidof's ghost, adept MiFi


Message History

You are knocked back by the torrent of water.
The wave splashes down.
You shoot a bolt. The bolt hits the water elemental!!
You destroy the water elemental!
The water elemental disappears in a puff of smoke!
Water spirits pour forth from the elemental wellspring!
You shoot a bolt. The bolt hits the water elemental!!
The water elemental is severely damaged.
You shoot a bolt. The bolt hits the water elemental!!
You destroy the water elemental!
The water elemental disappears in a puff of smoke!
A nearby plant withers and dies.
The water elemental barely misses you.
You shoot a bolt.
The bolt closely misses the water elemental.
The bolt barely misses the elemental wellspring.
The bolt hits the water elemental!!!
You destroy the water elemental!
The water elemental disappears in a puff of smoke!
A torrent of water rises up through the elemental wellspring!
The torrent of water passes through the water elemental.
The torrent of water misses you.
The wave splashes down.
The water elemental hits you!
The water elemental engulfs you in water!
25895 ||| READING 8 scrolls of teleportation.
As you read the scroll of teleportation, it crumbles to dust.
You feel strangely unstable.
The water elemental completely misses you.
You shoot a bolt. The bolt hits the water elemental!!
The water elemental is severely damaged.
A torrent of water rises up through the elemental wellspring!
The torrent of water passes through the water elemental.
The torrent of water hits you!
The wave splashes down.
The water elemental misses you.
You shoot a bolt. The bolt hits the water elemental!!
You destroy the water elemental!
The water elemental disappears in a puff of smoke!
The water engulfing you falls away.
A torrent of water rises up through the elemental wellspring!
The torrent of water hits you!!
You die...

~~...~~~~~~~~~..............P...~
.~~~~~~~~~~~~P~~..........#..~P~P
..~~~~~~~~~~~~.......~~....#.>~P~
=~~~~~~~~~~~~.P.....~~~~~~.###.~~
..~~~~~~~~~~.......P~~~~~~.####.~
....~~~~~~~~......P~~~~~~~~.###P~
.##.~~~~~~~...¤~PPPPPP~~~~~....~~
###.~~~~~~~~P#¤#~#P#P~~~~~~~...~~
~..~~~~~~~~#¤~E¤@~~~~#~~~~~~..<.~
~~~~~~...#~~~~#####~~~~#~~~~....~
~~~~~~.#..~~~## ~ ##~~~~~#~.###.~
~~~~.~.~~#####~E¤ #####~~~.##..~
)~.....#~#~~~~¤~~ #.#~~#...~
P......~~'~~E~E~¤ #~~~~.....
.......#.#~~~¤E~~ #~#~.....~
.........#####E~~ #####~~~......
#......#..~~~# ~ ##.....#......~


You could see an elemental wellspring.

Vanquished Creatures
  Rupert (Orc:2)
  Donald (Shoals:2)
  An orc warlord (D:12)
  An elemental wellspring (Shoals:3)
  Azrael (Orc:2)
  A dire elephant (Lair:5)
  A minotaur (Gauntlet)
  An ettin (Orc:2)
  2 fire dragons (D:15)
  2 merfolk javelineers (Shoals:2)
  A green death (Gauntlet)
  2 hydras
  3 merfolk impalers
  Erolcha (Orc:1)
  A rakshasa (D:9)
  A vault guard (D:13)
  8 centaur warriors
  A merfolk avatar (Shoals:2)
  12 two-headed ogres
  A satyr (Shoals:2)
  2 ogre magi (Orc:2)
  2 catoblepae
  A dancing weapon (D:13)
  A merfolk aquamancer (Shoals:3)
  2 tengu warriors
  A deep troll shaman (Lair:5)
  2 boulder beetles
  13 death yaks
  4 skysharks
  5 sea snakes
  2 deep trolls (Orc:2)
  6 harpies
  A necromancer (Gauntlet)
  A deep elf pyromancer (D:14)
  4 manticores
  18 fauns
  16 ugly things
  7 cyclopes
  A black mamba (shapeshifter) (D:15)
  2 kobold blastminers
  3 elephants (Lair:5)
  8 water nymphs
  6 merfolk sirens
  2 black mambas
  An orange demon (Gauntlet)
  2 torpor snails
  An unseen horror (D:7)
  A minotaur zombie (Gauntlet)
  12 cane toads
  7 rime drakes
  20 merfolk
  A tengu conjurer (D:14)
  13 komodo dragons
  Psyche (D:8)
  2 polar bears
  A queen bee (shapeshifter) (D:15)
  12 trolls
  A queen bee (Gauntlet)
  A polar bear (shapeshifter) (D:15)
  5 snapping turtles
  2 wind drakes (Shoals:2)
  Prince Ribbit (D:7)
  11 blink frogs (Lair:4)
  8 dream sheep
  Sigmund (D:4)
  A shadow (D:9)
  Eustachio (D:3)
  3 wraiths (D:9)
  3 wyverns
  6 basilisks
  4 water elementals (Shoals:3)
  44 yaks
  3 fire elementals (Orc:2)
  3 steam dragons
  2 redbacks (Lair:3)
  2 wargs (Orc:2)
  9 vampire mosquitoes
  2 acid dragons
  Menkaure (D:7)
  4 hell hounds (Orc:2)
  10 water moccasins
  17 orc warriors
  A sky beast (D:7)
  4 black bears
  20 ogres
  32 wolves
  8 centaurs
  5 boggarts (D:15)
  5 kobold brigands
  2 phantoms
  6 bullfrogs
  11 scorpions
  4 gnoll sergeants
  13 wights
  11 killer bees
  3 howler monkeys
  An electric eel (D:12)
  2 bombardier beetles
  2 human zombies (Ossuary)
  A jelly (D:4)
  3 centaur zombies (Ossuary)
  14 orc priests
  2 gnoll boudas
  3 hounds
  Natasha (thrice) (D:3)
  8 scorpion zombies (Ossuary)
  28 orc wizards
  A centaur simulacrum (D:9)
  3 mummies (Ossuary)
  29 gnolls
  5 adders
  An adder zombie (Ossuary)
  2 dart slugs (D:2)
  3 ribbon worms
  82 orcs
  7 ball pythons
  5 endoplasms
  2 giant cockroaches
  2 gnoll zombies (Ossuary)
  6 goblins
  6 hobgoblins
  6 jackals
  9 kobolds
  3 quokkas
  2 ball python zombies (Ossuary)
  5 bats
  5 frilled lizards
  An orc zombie (Ossuary)
  6 rats
755 creatures vanquished.

Notes
Turn   | Place    | Note
-------+----------+-------------------------------------------
     0 | D:1      | qw the Gargoyle Hunter began the quest for the Orb.
     0 | D:1      | Reached XP level 1. HP: 12/12 MP: 1/1
     0 | D:1      | 0 ||| qw: Version: 0.3-a-132-g3d54051
     0 | D:1      | 0 ||| qw: Game counter: 303
     0 | D:1      | 0 ||| qw: Melee chars always use a shield: true
     0 | D:1      | 0 ||| qw: God list: Okawaru
     0 | D:1      | 0 ||| qw: Allow faded altars: false
     0 | D:1      | 0 ||| qw: Do Orc after clearing Dungeon:15 true
     0 | D:1      | 0 ||| qw: Do second Lair branch before Depths: true
     0 | D:1      | 0 ||| qw: Lair rune preference: random
     0 | D:1      | 0 ||| qw: Goals: Normal
     0 | D:1      | 0 ||| PLANNING D:1-11
   397 | D:1      | Reached XP level 2. HP: 17/17 MP: 2/2
   898 | D:1      | 898 ||| UPGRADING to +0 ring mail.
   908 | D:1      | 908 ||| DROPPING +0 leather armour.
   909 | D:1      | 909 ||| READING scroll labelled BOYFOA YLEAHAO.
  1010 | D:1      | 1010 ||| READING scroll labelled YPRUCE VONOCS.
  1010 | D:1      | 1010 ||| IDENTIFYING bubbling dark potion
  1011 | D:1      | 1011 ||| DROPPING scroll of butterflies.
  1012 | D:1      | 1012 ||| DROPPING potion of invisibility.
  1126 | D:2      | Reached skill level 1 in Armour
  1232 | D:2      | 1232 ||| FLEEEEING.
  1256 | D:2      | Reached XP level 3. HP: 21/21 MP: 3/3
  1513 | D:2      | Reached skill level 5 in Ranged Weapons
  1568 | D:2      | 1568 ||| FLEEEEING.
  1725 | D:2      | 1725 ||| READING scroll of identify.
  1725 | D:2      | 1725 ||| IDENTIFYING lumpy amethyst potion
  1726 | D:2      | 1726 ||| READING scroll labelled ZEIWIPL ZOPEDI.
  1731 | D:2      | 1731 ||| READING scroll labelled LIRAENANIS.
  1732 | D:2      | 1732 ||| READING scroll labelled NAAGUO NUOMNI.
  1732 | D:2      | 1732 ||| BRANDING +0 shortbow.
  1828 | D:3      | Reached XP level 4. HP: 27/27 MP: 4/4
  1853 | D:3      | Reached skill level 3 in Fighting
  1858 | D:3      | Found a faded altar of an unknown god.
  1866 | D:3      | Identified the +4 sling "Tostrij" {speed, rElec rN+ Will++
                  | Int-3}
  1868 | D:3      | 1868 ||| SWAPPING to +4 sling "Tostrij" {speed, rElec rN+
                  | Will++ Int-3}.
  1869 | D:3      | 1869 ||| DROPPING +0 shortbow of draining.
  2244 | D:3      | Noticed Natasha
  2248 | D:3      | Killed Natasha
  2276 | D:3      | Found an ornate altar of the Wu Jian Council.
  2304 | D:3      | Noticed Natasha
  2315 | D:3      | Killed Natasha
  2316 | D:3      | Reached XP level 5. HP: 32/32 MP: 5/5
  2331 | D:3      | Noticed Natasha
  2342 | D:3      | Killed Natasha
  2343 | D:3      | Reached skill level 6 in Ranged Weapons
  2343 | D:3      | 2343 ||| FLEEEEING.
  2446 | D:3      | 2446 ||| DROPPING amulet of magic regeneration.
  2447 | D:3      | 2447 ||| UPGRADING to ring of resist corrosion.
  2448 | D:3      | 2448 ||| READING scroll of identify.
  2448 | D:3      | 2448 ||| IDENTIFYING fizzy grey potion
  2479 | D:4      | 2479 ||| STAIRDANCE
  2482 | D:3      | 2482 ||| FLEEEEING.
  2543 | D:4      | 2543 ||| STAIRDANCE
  2549 | D:4      | 2549 ||| STAIRDANCE
  2549 | D:4      | Noticed Eustachio
  2563 | D:3      | 2563 ||| FLEEEEING.
  2589 | D:4      | 2589 ||| STAIRDANCE
  2611 | D:4      | Noticed a black bear
  2612 | D:4      | 2612 ||| STAIRDANCE
  2634 | D:3      | HP: 8/33 [Eustachio/+2 rapier of speed (10)]
  2635 | D:3      | 2635 ||| DRINKING potion of heal wounds.
  2651 | D:3      | 2651 ||| FLEEEEING.
  2652 | D:3      | 2652 ||| FLEEEEING.
  2653 | D:3      | 2653 ||| FLEEEEING.
  2656 | D:3      | Killed Eustachio
  2657 | D:3      | Reached XP level 6. HP: 22/40 MP: 6/6
  2728 | D:3      | 2728 ||| UPGRADING to +1 leather armour of cold resistance.
  2738 | D:3      | 2738 ||| DROPPING +0 ring mail.
  2744 | D:4      | 2744 ||| STAIRDANCE
  2750 | D:4      | 2750 ||| STAIRDANCE
  2753 | D:4      | 2753 ||| STAIRDANCE
  2753 | D:4      | HP: 10/40 [black bear (4)]
  2758 | D:3      | HP: 5/40 [black bear (4)]
  2763 | D:3      | Killed a black bear
  2764 | D:3      | Reached XP level 7. HP: 7/44 MP: 7/7
  2764 | D:3      | 2764 ||| FLEEEEING.
  2903 | D:4      | 2903 ||| STAIRDANCE
  2922 | D:4      | 2922 ||| STAIRDANCE
  2940 | D:3      | 2940 ||| FLEEEEING.
  3016 | D:4      | 3016 ||| STAIRDANCE
  3021 | D:3      | Reached skill level 7 in Ranged Weapons
  3032 | D:4      | 3032 ||| STAIRDANCE
  3034 | D:3      | 3034 ||| FLEEEEING.
  3045 | D:3      | 3045 ||| FLEEEEING.
  3175 | D:4      | 3175 ||| STAIRDANCE
  3177 | D:3      | 3177 ||| FLEEEEING.
  3296 | D:4      | Found a staircase to the Ecumenical Temple.
  3297 | D:4      | 3297 ||| PLANNING TEMPLE
  3305 | Temple   | Found a transporter.
  3305 | Temple   | Found a transporter.
  3305 | Temple   | Found a transporter.
  3305 | Temple   | Found a transporter.
  3305 | Temple   | Entered the Ecumenical Temple
  3306 | Temple   | 3306 ||| PLANNING D:1-11
  3428 | D:4      | Found Qyfaizapp's Distillery.
  3464 | D:4      | 3464 ||| BUYING potion of curing (42 gold).
  3464 | D:4      | Bought a potion of curing for 42 gold pieces
  3464 | D:4      | 3464 ||| BUYING potion of enlightenment (70 gold).
  3464 | D:4      | Bought a potion of enlightenment for 70 gold pieces
  3464 | D:4      | 3464 ||| BUYING potion of mutation (112 gold).
  3464 | D:4      | Bought a potion of mutation for 112 gold pieces
  3495 | D:4      | Found a shadowy altar of Dithmenos.
  3570 | D:4      | 3570 ||| FLEEEEING.
  3571 | D:4      | 3571 ||| FLEEEEING.
  3573 | D:4      | 3573 ||| FLEEEEING.
  3574 | D:4      | 3574 ||| FLEEEEING.
  3577 | D:4      | 3577 ||| FLEEEEING.
  3578 | D:4      | 3578 ||| FLEEEEING.
  3579 | D:4      | 3579 ||| FLEEEEING.
  3584 | D:4      | 3584 ||| FLEEEEING.
  3585 | D:4      | 3585 ||| FLEEEEING.
  3586 | D:4      | 3586 ||| FLEEEEING.
  3587 | D:4      | 3587 ||| FLEEEEING.
  3591 | D:4      | 3591 ||| STAIRDANCE
  3629 | D:3      | 3629 ||| READING scroll of identify.
  3629 | D:3      | 3629 ||| IDENTIFYING fizzy clear potion
  3630 | D:3      | 3630 ||| READING scroll labelled QOSYMADDOH.
  3631 | D:3      | 3631 ||| READING scroll labelled TAFUSIGEATU.
  3632 | D:3      | 3632 ||| DROPPING potion of brilliance.
  3683 | D:4      | Noticed Sigmund
  3689 | D:4      | 3689 ||| ZAPPING wand of acid (13) at 5,1 (Sigmund; floor).
  3697 | D:4      | Killed Sigmund
  3698 | D:4      | Reached skill level 8 in Ranged Weapons
  3698 | D:4      | Reached XP level 8. HP: 50/50 MP: 8/8
  3810 | D:5      | Entered Level 5 of the Dungeon
  3811 | D:5      | 3811 ||| PLANNING OSSUARY
  3969 | D:5      | Found Dopn's Book Emporium.
  4398 | D:5      | Reached skill level 9 in Ranged Weapons
  4398 | D:5      | 4398 ||| FLEEEEING.
  4487 | D:5      | Found a sand-covered staircase.
  4488 | D:5      | 4488 ||| READING 2 scrolls of identify.
  4488 | D:5      | 4488 ||| IDENTIFYING puce potion
  4489 | D:5      | 4489 ||| READING scroll of identify.
  4489 | D:5      | 4489 ||| IDENTIFYING lumpy brown potion
  4490 | D:5      | 4490 ||| READING 2 scrolls labelled GOEXYAGIABB.
  4490 | D:5      | 4490 ||| ENCHANTING +1 leather armour of cold resistance.
  4491 | D:5      | 4491 ||| READING scroll labelled XOUXAB HAQIV.
  4492 | D:5      | 4492 ||| DROPPING potion of magic.
  4493 | D:5      | 4493 ||| DROPPING potion of lignification.
  4501 | Ossuary  | Entered an ossuary
  4522 | Ossuary  | Reached skill level 6 in Fighting
  4704 | Ossuary  | Reached skill level 10 in Ranged Weapons
  4781 | Ossuary  | Reached XP level 9. HP: 56/56 MP: 9/9
  4844 | Ossuary  | Reached skill level 3 in Dodging
  4955 | Ossuary  | 4955 ||| UPGRADING to ring of positive energy.
  4956 | Ossuary  | 4956 ||| READING scroll of identify.
  4956 | Ossuary  | 4956 ||| IDENTIFYING glowing silvery potion
  4957 | Ossuary  | 4957 ||| READING scroll labelled USOEDI VENO.
  4958 | Ossuary  | 4958 ||| READING scroll labelled BEZECYNAMN.
  4958 | Ossuary  | Identified a scroll of acquirement
  4958 | Ossuary  | 4958 ||| ACQUIRING +4 triple crossbow of Ydoyg {speed,
                  | rPois Str+4 Int-2}
  4958 | Ossuary  | Acquired the +4 triple crossbow of Ydoyg {speed, rPois
                  | Str+4 Int-2}
  4960 | Ossuary  | 4960 ||| SWAPPING to +4 triple crossbow of Ydoyg {speed,
                  | rPois Str+4 Int-2}.
  4961 | Ossuary  | 4961 ||| DROPPING +4 sling "Tostrij" {speed, rElec rN+
                  | Will++ Int-3}.
  4962 | Ossuary  | 4962 ||| DROPPING potion of degeneration.
  5024 | D:5      | 5024 ||| PLANNING D:1-11
  5087 | D:5      | Found a runed translucent door.
  5092 | D:5      | Noticed qw's ghost (novice GrHu)
  5731 | D:6      | Reached skill level 11 in Ranged Weapons
  6178 | D:7      | 6178 ||| Stepping ~*~*~tactically~*~*~ (cloud).
  6180 | D:7      | 6180 ||| FLEEEEING.
  6411 | D:7      | Noticed Menkaure
  6414 | D:7      | Killed Menkaure
  6497 | D:7      | Reached XP level 10. HP: 64/64 MP: 10/10
  6563 | D:7      | Reached skill level 12 in Ranged Weapons
  6658 | D:7      | Found a flagged portal.
  6700 | D:7      | Noticed Prince Ribbit
  6704 | D:7      | Killed Prince Ribbit
  6875 | D:7      | 6875 ||| UPGRADING to +0 pair of gloves.
  6880 | D:7      | 6880 ||| UPGRADING to +0 pair of boots.
  6885 | D:7      | 6885 ||| READING scroll of enchant armour.
  6885 | D:7      | 6885 ||| ENCHANTING +0 pair of gloves.
  6931 | D:8      | 6931 ||| STAIRDANCE
  6936 | D:8      | 6936 ||| STAIRDANCE
  6969 | D:8      | Noticed Psyche
  6970 | D:8      | Killed Psyche
  6973 | D:8      | 6973 ||| Stepping randomly (disturbance).
  6979 | D:8      | 6979 ||| FLEEEEING.
  6990 | D:8      | 6990 ||| FLEEEEING.
  6998 | D:8      | 6998 ||| STAIRDANCE
  7001 | D:7      | 7001 ||| FLEEEEING.
  7006 | D:7      | HP: 13/64 [something (4)]
  7007 | D:7      | 7007 ||| STAIRDANCE
  7174 | D:6      | 7174 ||| DROPPING +6 ring of intelligence.
  7183 | D:7      | 7183 ||| FLEEEEING.
  7185 | D:7      | 7185 ||| STAIRDANCE
  7223 | D:7      | 7223 ||| Stepping randomly (disturbance).
  7224 | D:7      | Killed an unseen horror
  7449 | D:8      | 7449 ||| RETREEEEATING.
  7458 | D:8      | Reached skill level 13 in Ranged Weapons
  7503 | D:8      | Found an iron altar of Okawaru.
  7504 | D:8      | 7504 ||| PLANNING OKAWARU WORSHIP
  7504 | D:8      | 7504 ||| READING scroll of identify.
  7504 | D:8      | 7504 ||| IDENTIFYING bubbling white potion
  7508 | D:8      | Became a worshipper of Warmaster Okawaru
  7509 | D:8      | 7509 ||| PLANNING D:1-11
  7888 | D:9      | Noticed a boulder beetle
  7893 | D:9      | Reached skill level 9 in Fighting
  7895 | D:9      | Killed a boulder beetle
  7895 | D:9      | Reached * piety under Okawaru
  7903 | D:9      | Noticed a rakshasa
  7904 | D:9      | 7904 ||| INVOKING Heroism.
  7905 | D:9      | 7905 ||| INVOKING Heroism.
  7907 | D:9      | 7907 ||| FLEEEEING.
  7908 | D:9      | 7908 ||| FLEEEEING.
  7911 | D:9      | 7911 ||| FLEEEEING.
  7912 | D:9      | 7912 ||| FLEEEEING.
  7913 | D:9      | 7913 ||| FLEEEEING.
  7914 | D:9      | 7914 ||| FLEEEEING.
  7915 | D:9      | 7915 ||| FLEEEEING.
  7916 | D:9      | 7916 ||| FLEEEEING.
  7917 | D:9      | 7917 ||| FLEEEEING.
  7918 | D:9      | 7918 ||| FLEEEEING.
  7919 | D:9      | 7919 ||| FLEEEEING.
  7922 | D:9      | Reached skill level 1 in Invocations
  8078 | D:9      | Identified the +4 flail of Eshrorghu {freeze, Int+3}
  8124 | D:9      | Reached XP level 11. HP: 59/71 MP: 10/12
  8124 | D:9      | 8124 ||| FLEEEEING.
  8185 | D:9      | 8185 ||| INVOKING Heroism.
  8198 | D:9      | 8198 ||| FLEEEEING.
  8199 | D:9      | 8199 ||| FLEEEEING.
  8204 | D:9      | 8204 ||| FLEEEEING.
  8218 | D:9      | 8218 ||| INVOKING Heroism.
  8220 | D:9      | Killed a rakshasa
  8221 | D:9      | Reached skill level 3 in Invocations
  8370 | D:9      | Noticed a centaur warrior
  8370 | D:9      | 8370 ||| INVOKING Heroism.
  8374 | D:9      | 8374 ||| DRINKING 6 potions of curing.
  8374 | D:9      | 8374 ||| (to cure confusion)
  8382 | D:9      | HP: 13/71 [centaur warrior/arrow (14)]
  8383 | D:9      | 8383 ||| READING 4 scrolls of teleportation.
  8384 | D:9      | 8384 ||| DRINKING 2 potions of heal wounds.
  8385 | D:9      | Killed a centaur warrior
  8386 | D:9      | 8386 ||| FLEEEEING.
  8554 | D:9      | Noticed a two-headed ogre
  8555 | D:9      | 8555 ||| INVOKING Heroism.
  8559 | D:9      | Killed a two-headed ogre
  8559 | D:9      | Reached ** piety under Okawaru
  8560 | D:9      | Reached skill level 14 in Ranged Weapons
  8623 | D:9      | Identified the serpent talisman of Vuxzumaqepn {Will++}
  8813 | D:9      | 8813 ||| READING scroll of acquirement.
  8813 | D:9      | 8813 ||| ACQUIRING amulet "Xucatsid" {Acrobat rN+}
  8813 | D:9      | Acquired the amulet "Xucatsid" {Acrobat rN+}
  8815 | D:9      | 8815 ||| UPGRADING to amulet "Xucatsid" {Acrobat rN+}.
  9138 | D:9      | 9138 ||| READING scroll of identify.
  9138 | D:9      | 9138 ||| IDENTIFYING white potion
  9139 | D:9      | 9139 ||| DROPPING potion of berserk rage.
  9169 | D:10     | Entered Level 10 of the Dungeon
  9206 | D:10     | Noticed a two-headed ogre
  9207 | D:10     | 9207 ||| INVOKING Heroism.
  9213 | D:10     | Killed a two-headed ogre
  9275 | D:10     | 9275 ||| RETREEEEATING.
  9277 | D:10     | 9277 ||| RETREEEEATING.
  9279 | D:10     | Reached *** piety under Okawaru
  9287 | D:10     | 9287 ||| FLEEEEING.
  9480 | D:10     | Found a runed translucent gate.
  9480 | D:10     | Found a runed translucent gate.
  9482 | D:10     | Found a runed translucent gate.
  9484 | D:10     | Noticed a centaur warrior
  9484 | D:10     | Noticed a boulder beetle
  9498 | D:10     | Noticed qw's ghost (novice GrHu)
  9793 | D:10     | Reached skill level 15 in Ranged Weapons
 10148 | D:11     | Reached XP level 12. HP: 77/77 MP: 15/15
 10155 | D:11     | 10155 ||| READING 2 scrolls of enchant armour.
 10155 | D:11     | 10155 ||| ENCHANTING +1 pair of gloves.
 10156 | D:11     | 10156 ||| READING scroll of enchant armour.
 10156 | D:11     | 10156 ||| ENCHANTING +0 pair of boots.
 10191 | D:11     | Reached **** piety under Okawaru
 10437 | D:11     | 10437 ||| FLEEEEING.
 10473 | D:11     | HP: 19/77 [centaur/arrow (3)]
 10474 | D:11     | 10474 ||| READING 6 scrolls of teleportation.
 10474 | D:11     | HP: 8/77 [centaur/arrow (11)]
 10475 | D:11     | 10475 ||| DRINKING potion of heal wounds.
 10716 | D:11     | 10716 ||| UPGRADING to +6 ring of strength.
 10728 | D:11     | 10728 ||| UPGRADING to ring of resist corrosion.
 10733 | D:11     | 10733 ||| FLEEEEING.
 10795 | D:11     | Found Emeshir's Weapon Shop.
 10824 | D:11     | Found a staircase to the Lair.
 10829 | D:11     | 10829 ||| PLANNING LAIR
 10829 | D:11     | 10829 ||| UPGRADING to ring of willpower.
 10831 | D:11     | 10831 ||| UPGRADING to +6 ring of strength.
 10835 | Lair:1   | Entered Level 1 of the Lair of Beasts
 10902 | Lair:1   | Reached skill level 6 in Invocations
 10980 | Lair:1   | 10980 ||| RETREEEEATING.
 10984 | Lair:1   | Reached ***** piety under Okawaru
 11108 | Lair:1   | 11108 ||| FLEEEEING.
 11125 | Lair:1   | 11125 ||| READING scroll of enchant armour.
 11125 | Lair:1   | 11125 ||| ENCHANTING +1 pair of boots.
 11172 | Lair:1   | 11172 ||| RETREEEEATING.
 11179 | Lair:1   | 11179 ||| RETREEEEATING.
 11346 | Lair:1   | Reached skill level 16 in Ranged Weapons
 11746 | Lair:1   | Noticed a catoblepas
 11747 | Lair:1   | 11747 ||| INVOKING Finesse.
 11756 | Lair:1   | Killed a catoblepas
 12044 | Lair:1   | 12044 ||| UPGRADING to +0 cloak.
 12049 | Lair:1   | 12049 ||| READING 2 scrolls of identify.
 12049 | Lair:1   | 12049 ||| IDENTIFYING sedimented yellow potion
 12050 | Lair:1   | 12050 ||| READING scroll of identify.
 12050 | Lair:1   | 12050 ||| IDENTIFYING amethyst potion
 12051 | Lair:1   | 12051 ||| READING scroll labelled QIATABLA UCKEBUG.
 12052 | Lair:1   | 12052 ||| READING 2 scrolls labelled FUURIC HOKE.
 12053 | Lair:1   | 12053 ||| READING scroll labelled SEEDGH ROLA GAO.
 12054 | Lair:1   | 12054 ||| DROPPING scroll of blinking.
 12164 | Lair:2   | 12164 ||| FLEEEEING.
 12203 | Lair:2   | 12203 ||| RETREEEEATING.
 12207 | Lair:2   | 12207 ||| RETREEEEATING.
 12208 | Lair:2   | 12208 ||| RETREEEEATING.
 12209 | Lair:2   | 12209 ||| RETREEEEATING.
 12210 | Lair:2   | 12210 ||| RETREEEEATING.
 12212 | Lair:2   | Received a gift from Okawaru
 12220 | Lair:2   | 12220 ||| FLEEEEING.
 12256 | Lair:2   | 12256 ||| RETREEEEATING.
 12257 | Lair:2   | 12257 ||| INVOKING Finesse.
 12322 | Lair:2   | 12322 ||| RETREEEEATING.
 12324 | Lair:2   | 12324 ||| RETREEEEATING.
 12326 | Lair:2   | 12326 ||| RETREEEEATING.
 12332 | Lair:2   | Reached XP level 13. HP: 84/84 MP: 19/19
 12334 | Lair:2   | Reached skill level 9 in Invocations
 12341 | Lair:2   | 12341 ||| INVOKING Finesse.
 12624 | Lair:2   | 12624 ||| INVOKING Finesse.
 12625 | Lair:2   | 12625 ||| INVOKING Heroism.
 13041 | Lair:2   | 13041 ||| READING scroll of identify.
 13041 | Lair:2   | 13041 ||| IDENTIFYING bubbling green potion
 13042 | Lair:2   | 13042 ||| DROPPING potion of ambrosia.
 13062 | Lair:3   | 13062 ||| PLANNING GAUNTLET
 13070 | Lair:3   | Found a staircase to the Shoals.
 13216 | Lair:3   | 13216 ||| FLEEEEING.
 13434 | Lair:3   | Found a hole to the Spider Nest.
 13470 | Lair:3   | Found a gate leading to a gauntlet.
 13471 | Lair:3   | 13471 ||| DROPPING +3 leather armour.
 13477 | Gauntlet | Entered a Gauntlet
 13477 | Gauntlet | Found a runed translucent door.
 13477 | Gauntlet | Found a transporter.
 13477 | Gauntlet | Found a runed translucent door.
 13477 | Gauntlet | Found a transporter.
 13483 | Gauntlet | Found a transporter.
 13495 | Gauntlet | Found a transporter.
 13513 | Gauntlet | Found a transporter.
 13513 | Gauntlet | Found a transporter.
 13513 | Gauntlet | Found a transporter.
 13515 | Gauntlet | Found a transporter.
 13515 | Gauntlet | Found a transporter.
 13527 | Gauntlet | Found a transporter.
 13542 | Gauntlet | Found a runed translucent door.
 13543 | Gauntlet | Found a transporter.
 13544 | Gauntlet | Found a runed translucent door.
 13553 | Gauntlet | Found a transporter.
 13567 | Gauntlet | Found a transporter.
 13582 | Gauntlet | Noticed a green death
 13587 | Gauntlet | Found a transporter.
 13625 | Gauntlet | 13625 ||| RETREEEEATING.
 13627 | Gauntlet | 13627 ||| ZAPPING wand of acid (13) at 2,1 (killer bee;
                  | floor).
 13628 | Gauntlet | 13628 ||| ZAPPING wand of acid (12) at 1,2 (killer bee;
                  | floor).
 13629 | Gauntlet | 13629 ||| ZAPPING wand of acid (11) at 2,1 (killer bee;
                  | floor).
 13641 | Gauntlet | 13641 ||| DROPPING +0 pair of boots of stealth.
 13669 | Gauntlet | 13669 ||| INVOKING Finesse.
 13678 | Gauntlet | Killed a green death
 13703 | Gauntlet | 13703 ||| DROPPING +1 pair of gloves of hurling.
 13727 | Gauntlet | Reached skill level 17 in Ranged Weapons
 13751 | Gauntlet | Received a gift from Okawaru
 13752 | Gauntlet | Reached skill level 6 in Dodging
 13920 | Gauntlet | 13920 ||| DROPPING ring of positive energy.
 13921 | Gauntlet | 13921 ||| UPGRADING to +5 ring of evasion.
 13923 | Gauntlet | 13923 ||| DROPPING ring of resist corrosion.
 13924 | Gauntlet | 13924 ||| UPGRADING to ring of willpower.
 13938 | Gauntlet | Identified the +10 quarterstaff of Defence {protect, rPois}
 13938 | Gauntlet | Noticed a minotaur
 13939 | Gauntlet | 13939 ||| INVOKING Finesse.
 13948 | Gauntlet | HP: 18/84 [minotaur/the +10 quarterstaff of Defence
                  | {protect, rPois} (4)]
 13950 | Gauntlet | Killed a minotaur
 14257 | Gauntlet | 14257 ||| UPGRADING to +0 helmet.
 14262 | Gauntlet | 14262 ||| UPGRADING to amulet of reflection.
 14272 | Gauntlet | 14272 ||| DROPPING amulet "Xucatsid" {Acrobat rN+}.
 14273 | Gauntlet | 14273 ||| READING 2 scrolls of identify.
 14273 | Gauntlet | 14273 ||| IDENTIFYING metallic orange potion
 14274 | Gauntlet | 14274 ||| DROPPING potion of attraction.
 14279 | Lair:3   | 14279 ||| PLANNING LAIR
 14556 | Lair:4   | 14556 ||| RETREEEEATING.
 14561 | Lair:4   | 14561 ||| RETREEEEATING.
 14645 | Lair:4   | 14645 ||| RETREEEEATING.
 14646 | Lair:4   | 14646 ||| RETREEEEATING.
 14647 | Lair:4   | 14647 ||| RETREEEEATING.
 14649 | Lair:4   | 14649 ||| RETREEEEATING.
 14664 | Lair:4   | 14664 ||| INVOKING Finesse.
 14709 | Lair:4   | Reached skill level 18 in Ranged Weapons
 14742 | Lair:4   | Gained mutation: Your large and strong wings let you fly.
                  | [Gargoyle growth]
 14742 | Lair:4   | Reached XP level 14. HP: 84/90 MP: 21/21
 14929 | Lair:4   | 14929 ||| FLEEEEING.
 14930 | Lair:4   | 14930 ||| RETREEEEATING.
 14931 | Lair:4   | 14931 ||| RETREEEEATING.
 14932 | Lair:4   | 14932 ||| RETREEEEATING.
 14933 | Lair:4   | 14933 ||| RETREEEEATING.
 14939 | Lair:4   | 14939 ||| FLEEEEING.
 14947 | Lair:4   | Received a gift from Okawaru
 15536 | Lair:4   | 15536 ||| READING 3 scrolls of identify.
 15536 | Lair:4   | 15536 ||| IDENTIFYING scroll labelled GAUKOLU ZESAUSCH
 15537 | Lair:4   | 15537 ||| DROPPING scroll of torment.
 15550 | Lair:5   | Entered Level 5 of the Lair of Beasts
 15588 | Lair:5   | Reached skill level 12 in Fighting
 15641 | Lair:5   | Found a staircase to the Slime Pits.
 15757 | Lair:5   | Reached skill level 6 in Armour
 15846 | Lair:5   | 15846 ||| RETREEEEATING.
 15853 | Lair:5   | Reached ****** piety under Okawaru
 15871 | Lair:5   | 15871 ||| INVOKING Receive Weapon.
 15871 | Lair:5   | 15871 ||| ACQUIRING +0 longbow of the Hummingbird {freeze,
                  | Will++}
 15871 | Lair:5   | Acquired the +0 longbow of the Hummingbird {freeze, Will++}
 15871 | Lair:5   | Received a gift from Okawaru
 15872 | Lair:5   | 15872 ||| INVOKING Receive Armour.
 15872 | Lair:5   | 15872 ||| ACQUIRING +0 pair of gloves of the Nexus {rPois
                  | SInv}
 15872 | Lair:5   | Acquired the +0 pair of gloves of the Nexus {rPois SInv}
 15872 | Lair:5   | Received a gift from Okawaru
 15950 | Lair:5   | 15950 ||| INVOKING Finesse.
 15951 | Lair:5   | 15951 ||| INVOKING Heroism.
 16048 | Lair:5   | 16048 ||| RETREEEEATING.
 16050 | Lair:5   | 16050 ||| RETREEEEATING.
 16092 | Lair:5   | 16092 ||| FLEEEEING.
 16234 | Lair:5   | Reached skill level 19 in Ranged Weapons
 16540 | Lair:5   | Noticed a dire elephant
 16541 | Lair:5   | 16541 ||| INVOKING Finesse.
 16545 | Lair:5   | Killed a dire elephant
 16545 | Lair:5   | Received a gift from Okawaru
 16592 | Lair:5   | Identified the +0 barding of Elitism {rElec Str-2 Int+4}
 16676 | Lair:5   | 16676 ||| PLANNING D
 16676 | Lair:5   | 16676 ||| UPGRADING to +0 pair of gloves of the Nexus
                  | {rPois SInv}.
 16686 | Lair:5   | 16686 ||| READING 3 scrolls of identify.
 16686 | Lair:5   | 16686 ||| IDENTIFYING scroll labelled CANIEG BUGOSIKK
 16687 | Lair:5   | 16687 ||| DROPPING scroll of noise.
 16783 | D:12     | 16783 ||| STAIRDANCE
 16823 | D:12     | 16823 ||| FLEEEEING.
 16826 | D:12     | 16826 ||| STAIRDANCE
 16970 | D:12     | Found a staircase to the Orcish Mines.
 17226 | D:13     | 17226 ||| STAIRDANCE
 17267 | D:13     | 17267 ||| STAIRDANCE
 17283 | D:13     | 17283 ||| STAIRDANCE
 17285 | D:12     | 17285 ||| FLEEEEING.
 17392 | D:13     | 17392 ||| FLEEEEING.
 17402 | D:13     | 17402 ||| STAIRDANCE
 17542 | D:13     | Found a gate to the Vaults.
 17583 | D:13     | 17583 ||| FLEEEEING.
 17672 | D:13     | Received a gift from Okawaru
 17865 | D:13     | 17865 ||| FLEEEEING.
 17866 | D:13     | 17866 ||| FLEEEEING.
 17867 | D:13     | 17867 ||| FLEEEEING.
 17868 | D:13     | 17868 ||| FLEEEEING.
 17869 | D:13     | 17869 ||| FLEEEEING.
 17870 | D:13     | 17870 ||| FLEEEEING.
 17871 | D:13     | 17871 ||| FLEEEEING.
 17872 | D:13     | 17872 ||| FLEEEEING.
 17873 | D:13     | 17873 ||| FLEEEEING.
 17874 | D:13     | 17874 ||| FLEEEEING.
 17875 | D:13     | 17875 ||| FLEEEEING.
 17876 | D:13     | 17876 ||| FLEEEEING.
 17877 | D:13     | 17877 ||| FLEEEEING.
 17878 | D:13     | 17878 ||| FLEEEEING.
 17879 | D:13     | 17879 ||| FLEEEEING.
 17886 | D:13     | 17886 ||| FLEEEEING.
 17887 | D:13     | 17887 ||| FLEEEEING.
 17890 | D:13     | 17890 ||| FLEEEEING.
 17891 | D:13     | 17891 ||| FLEEEEING.
 17892 | D:13     | 17892 ||| FLEEEEING.
 17893 | D:13     | 17893 ||| FLEEEEING.
 17894 | D:13     | 17894 ||| FLEEEEING.
 17895 | D:13     | 17895 ||| FLEEEEING.
 17896 | D:13     | 17896 ||| FLEEEEING.
 17897 | D:13     | 17897 ||| FLEEEEING.
 17898 | D:13     | 17898 ||| FLEEEEING.
 17915 | D:13     | 17915 ||| FLEEEEING.
 17994 | D:13     | 17994 ||| READING scroll of enchant armour.
 17994 | D:13     | 17994 ||| ENCHANTING +0 helmet.
 18451 | D:14     | 18451 ||| RETREEEEATING.
 18456 | D:14     | 18456 ||| RETREEEEATING.
 18459 | D:14     | 18459 ||| RETREEEEATING.
 18460 | D:14     | 18460 ||| RETREEEEATING.
 18462 | D:14     | Reached XP level 15. HP: 82/98 MP: 22/22
 18463 | D:14     | 18463 ||| FLEEEEING.
 18464 | D:14     | 18464 ||| FLEEEEING.
 18467 | D:14     | 18467 ||| FLEEEEING.
 18468 | D:14     | 18468 ||| FLEEEEING.
 18469 | D:14     | 18469 ||| FLEEEEING.
 18470 | D:14     | 18470 ||| FLEEEEING.
 18471 | D:14     | 18471 ||| FLEEEEING.
 18472 | D:14     | 18472 ||| FLEEEEING.
 18473 | D:14     | 18473 ||| FLEEEEING.
 18474 | D:14     | 18474 ||| FLEEEEING.
 18477 | D:14     | 18477 ||| FLEEEEING.
 18478 | D:14     | 18478 ||| FLEEEEING.
 18479 | D:14     | 18479 ||| STAIRDANCE
 18507 | D:14     | 18507 ||| STAIRDANCE
 18629 | D:14     | Received a gift from Okawaru
 18630 | D:14     | 18630 ||| FLEEEEING.
 18746 | D:14     | 18746 ||| FLEEEEING.
 19068 | D:14     | Found a glowing silver altar of Zin.
 19068 | D:14     | Noticed an angel
 19207 | D:15     | Entered Level 15 of the Dungeon
 19356 | D:15     | 19356 ||| RETREEEEATING.
 19358 | D:15     | 19358 ||| RETREEEEATING.
 19376 | D:15     | Reached skill level 20 in Ranged Weapons
 19385 | D:15     | 19385 ||| FLEEEEING.
 19499 | D:15     | 19499 ||| RETREEEEATING.
 19500 | D:15     | 19500 ||| RETREEEEATING.
 19504 | D:15     | 19504 ||| INVOKING Finesse.
 19976 | D:15     | Found a staircase to the Depths.
 20051 | D:15     | 20051 ||| PLANNING ORC
 20123 | Orc:1    | Entered Level 1 of the Orcish Mines
 20124 | Orc:1    | 20124 ||| STAIRDANCE
 20137 | D:12     | 20137 ||| FLEEEEING.
 20172 | Orc:1    | 20172 ||| STAIRDANCE
 20177 | Orc:1    | 20177 ||| STAIRDANCE
 20187 | Orc:1    | 20187 ||| STAIRDANCE
 20187 | Orc:1    | Noticed an orc warlord
 20192 | Orc:1    | 20192 ||| STAIRDANCE
 20206 | Orc:1    | 20206 ||| STAIRDANCE
 20211 | Orc:1    | 20211 ||| STAIRDANCE
 20216 | Orc:1    | 20216 ||| STAIRDANCE
 20218 | D:12     | 20218 ||| INVOKING Finesse.
 20246 | D:12     | Killed an orc warlord
 20246 | D:12     | Received a gift from Okawaru
 20376 | Orc:1    | 20376 ||| STAIRDANCE
 20600 | Orc:2    | Entered Level 2 of the Orcish Mines
 20737 | Orc:1    | Noticed Erolcha
 20743 | Orc:1    | Killed Erolcha
 20744 | Orc:1    | Found Uziwkif's Distillery.
 20750 | Orc:1    | 20750 ||| BUYING potion of cancellation (96 gold).
 20750 | Orc:1    | Bought a potion of cancellation for 96 gold pieces
 20750 | Orc:1    | 20750 ||| BUYING potion of haste (120 gold).
 20750 | Orc:1    | Bought a potion of haste for 120 gold pieces
 20750 | Orc:1    | 20750 ||| BUYING potion of heal wounds (60 gold).
 20750 | Orc:1    | Bought a potion of heal wounds for 60 gold pieces
 20874 | Orc:2    | 20874 ||| FLEEEEING.
 20876 | Orc:2    | 20876 ||| FLEEEEING.
 20877 | Orc:2    | 20877 ||| FLEEEEING.
 20878 | Orc:2    | 20878 ||| STAIRDANCE
 21023 | Orc:2    | 21023 ||| RETREEEEATING.
 21041 | Orc:2    | 21041 ||| RETREEEEATING.
 21042 | Orc:2    | 21042 ||| INVOKING Finesse.
 21043 | Orc:2    | 21043 ||| INVOKING Heroism.
 21071 | Orc:2    | Received a gift from Okawaru
 21164 | Orc:2    | Found Lialiulu's Assorted Antiques.
 21167 | Orc:2    | Found a staircase to the Elven Halls.
 21171 | Orc:2    | Found Otha's Magic Scroll Shoppe.
 21174 | Orc:2    | 21174 ||| BUYING potion of resistance (290 gold).
 21174 | Orc:2    | Bought a potion of resistance for 290 gold pieces
 21174 | Orc:2    | 21174 ||| BUYING scroll of identify (58 gold).
 21174 | Orc:2    | Bought a scroll of identify for 58 gold pieces
 21174 | Orc:2    | 21174 ||| BUYING scroll of teleportation (87 gold).
 21174 | Orc:2    | Bought a scroll of teleportation for 87 gold pieces
 21174 | Orc:2    | 21174 ||| BUYING tubular jade ring (145 gold).
 21174 | Orc:2    | Bought a tubular jade ring for 145 gold pieces
 21176 | Orc:2    | Found Vat Mau's Book Boutique.
 21177 | Orc:2    | Found Gobbach's Antique Weapon Shop.
 21179 | Orc:2    | 21179 ||| BUYING scroll of identify (26 gold).
 21179 | Orc:2    | Bought a scroll of identify for 26 gold pieces
 21179 | Orc:2    | 21179 ||| BUYING scroll of identify (26 gold).
 21179 | Orc:2    | Bought a scroll of identify for 26 gold pieces
 21179 | Orc:2    | 21179 ||| BUYING scroll of identify (26 gold).
 21179 | Orc:2    | Bought a scroll of identify for 26 gold pieces
 21179 | Orc:2    | 21179 ||| BUYING scroll of identify (26 gold).
 21179 | Orc:2    | Bought a scroll of identify for 26 gold pieces
 21237 | Orc:2    | Noticed Rupert
 21238 | Orc:2    | 21238 ||| INVOKING Finesse.
 21245 | Orc:2    | Killed Rupert
 21313 | Orc:2    | Found Fenufiel's Jewellery Shoppe.
 21326 | Orc:2    | 21326 ||| BUYING +5 ring of evasion (540 gold).
 21326 | Orc:2    | Bought a +5 ring of evasion for 540 gold pieces
 21431 | Orc:2    | Found Lyjesk's Weapon Emporium.
 21458 | Orc:2    | Found Wuzon's Armour Boutique.
 21461 | Orc:2    | Noticed Azrael
 21466 | Orc:2    | 21466 ||| RETREEEEATING.
 21467 | Orc:2    | 21467 ||| RETREEEEATING.
 21481 | Orc:2    | Killed Azrael
 21481 | Orc:2    | Received a gift from Okawaru
 21499 | Orc:2    | 21499 ||| FLEEEEING.
 21662 | Orc:2    | 21662 ||| BUYING +4 ring mail "Boupsiam" {Str+2 Int+3
                  | Stlth-} (601 gold).
 21662 | Orc:2    | Bought the +4 ring mail "Boupsiam" {Str+2 Int+3 Stlth-} for
                  | 601 gold pieces
 21839 | Orc:2    | Found Ezucsi's Jewellery Shoppe.
 21870 | Orc:2    | Found Paru Iwe's Assorted Antiques.
 21873 | Orc:2    | 21873 ||| BUYING glowing leather armour (195 gold).
 21873 | Orc:2    | Bought a glowing leather armour for 195 gold pieces
 21873 | Orc:2    | 21873 ||| BUYING scroll of teleportation (117 gold).
 21873 | Orc:2    | Bought a scroll of teleportation for 117 gold pieces
 21873 | Orc:2    | 21873 ||| SHOPLISTING spiked leather armour (273 gold, have
                  | 116).
 21873 | Orc:2    | 21873 ||| SHOPLISTING tapered iron wand (156 gold, have
                  | 116).
 21922 | Orc:2    | 21922 ||| PLANNING SHOALS:1-3
 21922 | Orc:2    | 21922 ||| DROPPING +0 troll leather armour.
 21923 | Orc:2    | 21923 ||| UPGRADING to +4 ring mail "Boupsiam" {Str+2 Int+3
                  | Stlth-}.
 21933 | Orc:2    | 21933 ||| DROPPING +2 leather armour of cold resistance.
 21934 | Orc:2    | 21934 ||| DROPPING +2 leather armour of cold resistance.
 21935 | Orc:2    | 21935 ||| DROPPING ring of ice.
 21936 | Orc:2    | 21936 ||| UPGRADING to +5 ring of evasion.
 21938 | Orc:2    | 21938 ||| DROPPING +6 ring of strength.
 21939 | Orc:2    | 21939 ||| DROPPING ring of willpower.
 22098 | Shoals:1 | Entered Level 1 of the Shoals
 22120 | Shoals:1 | Reached XP level 16. HP: 106/106 MP: 23/23
 22152 | Shoals:1 | 22152 ||| FLEEEEING.
 22424 | Shoals:1 | Reached skill level 9 in Armour
 22424 | Shoals:1 | 22424 ||| FLEEEEING.
 22504 | Shoals:1 | 22504 ||| FLEEEEING.
 22505 | Shoals:1 | 22505 ||| FLEEEEING.
 22506 | Shoals:1 | 22506 ||| FLEEEEING.
 22507 | Shoals:1 | 22507 ||| FLEEEEING.
 22513 | Shoals:1 | 22513 ||| FLEEEEING.
 22514 | Shoals:1 | 22514 ||| FLEEEEING.
 22515 | Shoals:1 | 22515 ||| FLEEEEING.
 22516 | Shoals:1 | 22516 ||| FLEEEEING.
 22517 | Shoals:1 | 22517 ||| FLEEEEING.
 22525 | Shoals:1 | 22525 ||| STAIRDANCE
 22528 | Lair:3   | 22528 ||| FLEEEEING.
 22587 | Shoals:1 | 22587 ||| FLEEEEING.
 22765 | Shoals:1 | Found a runed translucent gate.
 22766 | Shoals:1 | Found a runed translucent gate.
 22800 | Shoals:1 | Reached skill level 21 in Ranged Weapons
 22801 | Shoals:1 | 22801 ||| FLEEEEING.
 22802 | Shoals:1 | 22802 ||| FLEEEEING.
 22809 | Shoals:1 | 22809 ||| FLEEEEING.
 22810 | Shoals:1 | 22810 ||| FLEEEEING.
 22841 | Shoals:1 | Found a runed translucent gate.
 22954 | Shoals:1 | Found a runed translucent door.
 23088 | Shoals:1 | Noticed Loidof's ghost (adept MiFi)
 23329 | Shoals:2 | 23329 ||| FLEEEEING.
 23335 | Shoals:2 | 23335 ||| STAIRDANCE
 23494 | Shoals:2 | Noticed Donald
 23495 | Shoals:2 | 23495 ||| INVOKING Finesse.
 23500 | Shoals:2 | Killed Donald
 23573 | Shoals:2 | Received a gift from Okawaru
 23574 | Shoals:2 | Reached skill level 15 in Fighting
 23590 | Shoals:2 | 23590 ||| FLEEEEING.
 23901 | Shoals:2 | 23901 ||| FLEEEEING.
 24041 | Shoals:2 | 24041 ||| FLEEEEING.
 24042 | Shoals:2 | 24042 ||| FLEEEEING.
 24045 | Shoals:2 | 24045 ||| FLEEEEING.
 24046 | Shoals:2 | 24046 ||| FLEEEEING.
 24049 | Shoals:2 | 24049 ||| FLEEEEING.
 24050 | Shoals:2 | 24050 ||| FLEEEEING.
 24051 | Shoals:2 | 24051 ||| FLEEEEING.
 24052 | Shoals:2 | 24052 ||| FLEEEEING.
 24053 | Shoals:2 | 24053 ||| FLEEEEING.
 24055 | Shoals:2 | 24055 ||| FLEEEEING.
 24057 | Shoals:2 | 24057 ||| FLEEEEING.
 24059 | Shoals:2 | 24059 ||| FLEEEEING.
 24060 | Shoals:2 | 24060 ||| FLEEEEING.
 24061 | Shoals:2 | 24061 ||| FLEEEEING.
 24062 | Shoals:2 | 24062 ||| FLEEEEING.
 24074 | Shoals:2 | 24074 ||| FLEEEEING.
 24075 | Shoals:2 | 24075 ||| FLEEEEING.
 24099 | Shoals:2 | 24099 ||| FLEEEEING.
 24200 | Shoals:2 | 24200 ||| RETREEEEATING.
 24201 | Shoals:2 | 24201 ||| RETREEEEATING.
 24202 | Shoals:2 | 24202 ||| RETREEEEATING.
 24205 | Shoals:2 | 24205 ||| RETREEEEATING.
 24206 | Shoals:2 | 24206 ||| INVOKING Finesse.
 24227 | Shoals:2 | 24227 ||| FLEEEEING.
 24228 | Shoals:2 | 24228 ||| FLEEEEING.
 24229 | Shoals:2 | 24229 ||| FLEEEEING.
 24230 | Shoals:2 | 24230 ||| FLEEEEING.
 24231 | Shoals:2 | 24231 ||| FLEEEEING.
 24239 | Shoals:2 | 24239 ||| FLEEEEING.
 24239 | Shoals:2 | HP: 23/108 [merfolk javelineer/silver javelin (12)]
 24240 | Shoals:2 | 24240 ||| READING 11 scrolls of teleportation.
 24241 | Shoals:2 | 24241 ||| DRINKING potion of heal wounds.
 24242 | Shoals:2 | 24242 ||| FLEEEEING.
 24243 | Shoals:2 | 24243 ||| FLEEEEING.
 24249 | Shoals:2 | 24249 ||| STAIRDANCE
 24414 | Shoals:1 | 24414 ||| UPGRADING to amulet of faith.
 24445 | Shoals:2 | 24445 ||| STAIRDANCE
 24447 | Shoals:1 | 24447 ||| FLEEEEING.
 24596 | Shoals:2 | 24596 ||| STAIRDANCE
 24598 | Shoals:1 | 24598 ||| FLEEEEING.
 25055 | Shoals:3 | 25055 ||| INVOKING Finesse.
 25071 | Shoals:3 | 25071 ||| RETREEEEATING.
 25096 | Shoals:3 | HP: 8/108 [water nymph/the raging water (21)]
 25097 | Shoals:3 | 25097 ||| READING 10 scrolls of teleportation.
 25103 | Shoals:3 | 25103 ||| FLEEEEING.
 25115 | Shoals:3 | 25115 ||| READING 9 scrolls of teleportation.
 25851 | Shoals:3 | 25851 ||| FLEEEEING.
 25854 | Shoals:3 | 25854 ||| FLEEEEING.
 25855 | Shoals:3 | 25855 ||| FLEEEEING.
 25871 | Shoals:3 | 25871 ||| RETREEEEATING.
 25875 | Shoals:3 | 25875 ||| RETREEEEATING.
 25876 | Shoals:3 | 25876 ||| RETREEEEATING.
 25878 | Shoals:3 | 25878 ||| RETREEEEATING.
 25888 | Shoals:3 | Received a gift from Okawaru
 25889 | Shoals:3 | Reached skill level 22 in Ranged Weapons
 25894 | Shoals:3 | HP: 22/108 [water elemental[an elemental wellspring] (10)]
 25895 | Shoals:3 | 25895 ||| READING 8 scrolls of teleportation.
 25896 | Shoals:3 | HP: 10/108 [elemental wellspring/torrent of water (12)]
 25897 | Shoals:3 | Killed from afar by an elemental wellspring

Levels and vault maps discovered:
D:1:      wander_arrival_desolate, layout_basic, minmay_misc_feat_columns
D:2:      layout_loops_ring, skrybe_limestone_x, minmay_gold_behind_fungi,
          minmay_indecisive_spiral
D:3:      layout_basic, lemuel_crystal_altar, nicolae_ecumenical_lake_church,
          uniq_natasha
D:4:      layout_rooms, grunt_dithmenos_smoke_and_mirrors,
          minmay_temple_entry_water_ring, serial_shops, nicolae_shop_waterfront,
          uniq_sigmund, uniq_eustachio
D:5:      layout_loops_corners, serial_shops, nicolae_lakefront_shop,
          ebering_ghost_sewer_d, nicolae_ossuary_entry_ruins
D:6:      layout_basic
D:7:      layout_basic, enter_bailey_2, uniq_menkaure, uniq_prince_ribbit1
D:8:      layout_gridville, mainiacjoe_overflow_24_doors, uniq_psyche
D:9:      hangedman_cross_cluster, layout_long_grid
D:10:     minmay_goldmine, layout_stronghold, gammafunk_ghost_split, st_stairs_3
D:11:     layout_gridville, grunt_lair_entry_orc_guard_hut, serial_shops,
          nicolae_shop_peninsula, st_stairs_4
D:12:     layout_big_octagon, orc_0_dummy, serial_bayou, serial_bayou_lagoon_a,
          serial_bayou_pond_e, serial_bayou_pond_a
D:13:     layout_loops_ring, erik_vaults_1
D:14:     layout_irregular_city, zin_angel, lemuel_flamethrower_3
D:15:     grunt_enter_depths_hoard, layout_rooms, minmay_door_square,
          lemuel_flamethrower_3
Temple:   hellmonk_temple_divided_pantheon
Lair:1:   layout_layer_cave
Lair:2:   layout_loops_ring, grunt_megastairs_2
Lair:3:   layout_long_grid, minmay_shoals_entry_centaurs,
          spider_nest_entry_webs, gauntlet_entry_generic
Lair:4:   layout_regular_city, lightli_volcano_entry_magma_tube,
          grunt_megastairs_5, lemuel_fruit_tree
Lair:5:   grunt_lair_end_beastmaster, layout_regular_city, slime_entry_1
Shoals:1: layout_shoals, gammafunk_ghost_tricky_traps, lightli_airlock
Shoals:2: layout_shoals, uniq_donald
Shoals:3: layout_shoals, nicolae_shoals_spring_well_temple
Orc:1:    layout_caves, serial_shops, shop, uniq_erolcha
Orc:2:    st_orc_open, layout_caves, serial_shops, shop, nicolae_shop_stone,
          nicolae_lakefront_shop, nicolae_shop_pleasant_corner_grove,
          nicolae_shop_tiny_real_fake_doors, nicolae_orc_beogh_chapel,
          uniq_azrael, uniq_rupert

Skill      XL: |  1  2  3  4  5  6  7  8  9 10 11 12 13 14 15 16 |
---------------+-------------------------------------------------+-----
Armour         | 1 4 5 6 7 9 |  9.0
Ranged Weapons | 5 6 8 10 11 13 15 16 18 19 20 22 | 22.0
Fighting       | 3 5 6 8 9 10 11 13 14 15 | 15.0
Dodging        | 2 3 4 5 6 7 8 |  8.1
Invocations    | 2 4 8 10 | 10.0
Stealth        | |  1.1

Action                     |  1- 3 |  4- 6 |  7- 9 | 10-12 | 13-15 | 16-18 || total
---------------------------+-------+-------+-------+-------+-------+-------++-------
   Fire: Shortbow          |   133 |     6 |       |       |       |       ||   139
         Sling             |       |   124 |   396 |       |       |       ||   520
         Triple crossbow   |       |       |    68 |   511 |  1025 |   498 ||  2102
 Invoke: Heroism           |       |       |       |     6 |     3 |       ||     9
         Finesse           |       |       |       |     2 |    11 |     3 ||    16
         Receive Weapon    |       |       |       |       |     1 |       ||     1
         Receive Armour    |       |       |       |       |     1 |       ||     1
  Evoke: Wand              |       |       |     1 |       |     3 |       ||     4
    Use: Scroll            |     6 |     1 |    10 |    14 |     5 |     4 ||    40
         Potion            |       |     1 |       |     3 |       |     1 ||     5
 Armour: Leather armour    |     2 |    15 |    98 |   218 |   213 |       ||   546
         Ring mail         |    46 |    56 |       |       |       |   143 ||   245
  Dodge: Dodged            |    31 |    68 |    73 |   226 |   324 |   213 ||   935
  Block: Other             |       |       |       |       |    71 |    26 ||    97
         Reflection        |       |       |       |       |     8 |     8 ||    16

Table legend:
 A = Non-vault XP
 B = Vault XP
 C = Vault XP percentage of total XP
 D = Non-vault monster count
 E = Vault monster count
 F = Vault count percentage of total count
                 A         B        C        D         E       F
            +---------+---------+-------+---------+---------+-------
      Total |  117231 |   59717 |  33.7 |     558 |     197 |  26.1
            +---------+---------+-------+---------+---------+-------
        D:1 |      13 |       0 |   0.0 |       9 |       0 |   0.0
        D:2 |      55 |       6 |   9.8 |      21 |       4 |  16.0
        D:3 |     481 |     254 |  34.6 |      30 |       2 |   6.2
        D:4 |     308 |     239 |  43.7 |      25 |       1 |   3.8
        D:5 |     284 |       0 |   0.0 |       7 |       0 |   0.0
        D:6 |     586 |       0 |   0.0 |      17 |       0 |   0.0
        D:7 |    2277 |     412 |  15.3 |      23 |       2 |   8.0
        D:8 |     662 |     314 |  32.2 |      16 |       1 |   5.9
        D:9 |    1522 |    5818 |  79.3 |      38 |      22 |  36.7
       D:10 |    1796 |    1308 |  42.1 |      28 |      15 |  34.9
       D:11 |    3314 |    1652 |  33.3 |      16 |       8 |  33.3
       D:12 |    4906 |       0 |   0.0 |      28 |       0 |   0.0
       D:13 |    5968 |    1683 |  22.0 |      14 |       2 |  12.5
       D:14 |    8634 |       0 |   0.0 |      15 |       0 |   0.0
       D:15 |    6823 |    1855 |  21.4 |      16 |       2 |  11.1
     Lair:1 |    5694 |       0 |   0.0 |      26 |       0 |   0.0
     Lair:2 |    5626 |    2291 |  28.9 |      21 |      11 |  34.4
     Lair:3 |    2667 |     600 |  18.4 |      11 |       4 |  26.7
     Lair:4 |    9482 |    1696 |  15.2 |      34 |       7 |  17.1
     Lair:5 |    6279 |    9937 |  61.3 |      17 |      20 |  54.1
   Shoals:1 |   18007 |       0 |   0.0 |      38 |       0 |   0.0
   Shoals:2 |   21886 |    1341 |   5.8 |      41 |       1 |   2.4
   Shoals:3 |    5455 |    2310 |  29.7 |      13 |       4 |  23.5
      Orc:1 |    1673 |     888 |  34.7 |      28 |       1 |   3.4
      Orc:2 |    2833 |   18721 |  86.9 |      26 |      46 |  63.9
    Ossuary |       0 |    1251 | 100.0 |       0 |      30 | 100.0
   Gauntlet |       0 |    7141 | 100.0 |       0 |      14 | 100.0
            +---------+---------+-------+---------+---------+-------
